 Dungeon Crawl Stone Soup version 0.22-a0-515-g75794bf (webtiles) character file.

126 Mamutox the Sneak (level 4, -2/21 HPs)
             Began as a Spriggan Enchanter on June 19, 2018.
             Slain by an orc priest
             ... wielding a +0 trident
              (8 damage)
             ... on level 3 of the Dungeon.
             The game lasted 00:10:07 (3374 turns).

Mamutox the Sneak (Spriggan Enchanter)              Turns: 3374, Time: 00:10:08

Health: -2/21      AC:  4    Str:  4    XL:     4   Next: 84%
Magic:  3/10       EV: 19    Int: 17    God:
Gold:   108        SH:  0    Dex: 16    Spells: 4/10 levels left

rFire    . . .     SeeInvis +   a - +1 dagger
rCold    . . .     Gourm    .   (shield restricted)
rNeg     . . .     Faith    .   b - +0 robe
rPois    .         Spirit   .   p - +1 hat
rElec    .         Reflect  .   n - +0 cloak
rCorr    .         Harm     .   (gloves unavailable)
MR       .....                  (boots unavailable)
Stlth    +++.......             (no amulet)
HPRegen  0.07/turn              (no ring)
MPRegen  0.12/turn              (no ring)

@: very slightly contaminated, very quick
A: very small, unfitting armour, see invisible, herbivore, speed 3, slow
metabolism 2
a: no special abilities


You were on level 3 of the Dungeon.
You were hungry.

You visited 1 branch of the dungeon, and saw 4 of its levels.

You collected 108 gold pieces.

Inventory:

Hand Weapons
 a - a +1 dagger (weapon)
Missiles
 g - 79 stones (quivered)
 q - 21 poisoned needles
Armour
 b - a +0 robe (worn)
 n - a +0 cloak (worn)
 p - a +1 hat (worn)
Jewellery
 k - a cursed +2 ring of slaying {unknown}
Wands
 m - a wand of digging (10)
Scrolls
 f - 3 scrolls of identify {unknown}
 i - 3 scrolls of remove curse {unknown}
 j - a scroll of fear {unknown}
 r - a scroll of enchant armour {unknown}
Potions
 c - 2 potions of ambrosia {unknown}
 e - a potion of agility {unknown}
 h - a potion of heal wounds {unknown}
 l - a potion of flight {unknown}
 o - a potion of degeneration {unknown}
Comestibles
 d - 4 rations


   Skills:
 + Level 2.1 Short Blades
 + Level 3.9 Dodging
 + Level 5.3 Stealth
 + Level 3.5 Spellcasting
 + Level 4.4 Hexes
 + Level 1.3 Ice Magic


You had 4 spell levels left.
You knew the following spells:

 Your Spells              Type           Power        Failure   Level  Hunger
a - Corona                Hex            ###....      2%          1    None
c - Confuse               Hex            ###.....     8%          3    ###....
x - Ensorcelled Hibernat  Hex/Ice        ##....       8%          2    ##.....

Your spell library contained the following spells:

 Spells                   Type           Power        Failure   Level  Hunger
 Tukima's Dance           Hex            ###.....     8%          3    ###....
 Dazzling Spray           Conj/Hex       ##....       21%         3    ###....


Dungeon Overview and Level Annotations

Branches:
Dungeon (4/15)
 Temple: D:4-7

Altars:
The Shining One


Innate Abilities, Weirdness & Mutations

You are very small and have problems with some larger weapons.
You are too small for most types of armour.
You have supernaturally acute eyesight. (SInv)
You are a herbivore.
You cover ground extremely quickly.
You need to consume almost no food.


Message History

You hit the orc priest but do no damage.
The goblin completely misses you. The orc priest completely misses you.
You completely miss the orc priest. The goblin barely misses you.
You hit the orc priest.
The orc priest is lightly wounded.
The orc priest barely misses you. The goblin closely misses you.
You hit the orc priest but do no damage.
The orc priest is lightly wounded.
The orc priest hits you with a trident.
You hit the orc priest but do no damage.
The orc priest is lightly wounded.
The goblin closely misses you. The orc priest hits you with a trident.
* * * LOW HITPOINT WARNING * * *
You closely miss the goblin. The goblin misses you.
The orc priest hits you but does no damage.
You closely miss the goblin. The goblin closely misses you.
You hit the goblin.
The goblin is severely wounded.
The orc priest hits you with a trident!
You die...

.##.)### . .# ...# .b.
.#####.######.g..
%..†.r(......#
..####.....#...
#....#####h#
####..####.# .### #
##...##.#########...##
#
###........o@g......#
# #######..###...##..
# ##.##..### # ####
#.#..## ##...## ##...#
......## ##..###
.......# ##...##
.!.....####..#..####
.......#....###....##


You could see an orc priest and a goblin.

Vanquished Creatures
  Crazy Yiuf (D:2)
  2 adders
  A worm (D:3)
  A dart slug (D:1)
  A leopard gecko (D:2)
  3 orcs (D:3)
  7 bats
  2 giant cockroaches
  4 goblins
  6 hobgoblins
  11 jackals
  9 kobolds
  2 quokkas
  A ball python (D:2)
  5 frilled lizards
  10 rats
66 creatures vanquished.

Notes
Turn   | Place    | Note
-------+----------+-------------------------------------------
     0 | D:1      | Mamutox the Spriggan Enchanter began the quest for the Orb.
     0 | D:1      | Reached XP level 1. HP: 9/9 MP: 5/5
   417 | D:1      | Reached XP level 2. HP: 12/13 MP: 6/6
   421 | D:1      | Learned a level 2 spell: Ensorcelled Hibernation
  1072 | D:1      | Reached XP level 3. HP: 16/16 MP: 8/8
  1094 | D:1      | Reached skill level 1 in Ice Magic
  1520 | D:2      | Learned a level 3 spell: Confuse
  1763 | D:2      | Found a faded altar of an unknown god.
  2001 | D:2      | Reached skill level 5 in Stealth
  2052 | D:2      | Found a glowing golden altar of the Shining One.
  2120 | D:2      | Found a runed door.
  2124 | D:2      | Noticed Crazy Yiuf
  2128 | D:2      | Killed Crazy Yiuf
  2128 | D:2      | Reached XP level 4. HP: 21/21 MP: 9/9
  3374 | D:3      | Slain by an orc priest

Vault maps used:
D:1:      mrwooster_arrival_statue_2
D:2:      chequers_ecumenical_altar_grove, nicolae_tso_carved_into_rock,
          uniq_crazy_yiuf_cottage
D:3:      first_ration
D:4:      lightli_temple_of_fire, old_standard_altar, minmay_temple_entry_fiery,
          serial_shops, shop, hangedman_abyss_or_decor_stagger, st_stairs_11,
          cheibriados_altar_1, uniq_natasha, uniq_robin, uniq_grinder

Skill      XL: |  1  2  3 |
---------------+----------+-----
Hexes          | 4 |  4.4
Ice Magic      | 1 |  1.3
Spellcasting   | 3 |  3.5
Stealth        | 5 |  5.3
Short Blades   | 2 |  2.1
Dodging        | |  3.9

Action                   |  1- 3 |  4- 6 || total
-------------------------+-------+-------++-------
Melee: Dagger            |   194 |    83 ||   277
 Cast: Ensorcelled Hiber |    17 |    11 ||    28
       Confuse           |       |     3 ||     3
 Stab: Sleeping          |    23 |     8 ||    31
       Distracted        |     1 |       ||     1
       Confused          |       |     1 ||     1
  Eat: Ration            |       |     1 ||     1
Armor: Robe              |    21 |    18 ||    39
Dodge: Dodged            |   156 |   108 ||   264

Table legend:
 A = Spawn XP
 B = Non-spawn XP
 C = Spawn XP percentage of total XP
 D = Spawn monster count
 E = Non-spawn monster count
 F = Spawn count percentage of total count
 G = Total turns spent on level
                    A         B        C        D         E        F      G
               +---------+---------+-------+---------+---------+-------+---------
         Total |       0 |     181 |   0.0 |       0 |      66 |   0.0 |  3374
               +---------+---------+-------+---------+---------+-------+---------
           D:1 |       0 |      53 |   0.0 |       0 |      29 |   0.0 |  1498
           D:2 |       0 |      83 |   0.0 |       0 |      20 |   0.0 |  1262
           D:3 |       0 |      45 |   0.0 |       0 |      17 |   0.0 |   372
               +---------+---------+-------+---------+---------+-------+---------
